 Dungeon Crawl Stone Soup version 0.29.1-12-g30fa7ad0bf (webtiles) character file.

Game seed: 15928153487341929020

16954 xzight the Basher (level 12, -16/166 HPs)
             Began as a Minotaur Berserker on Dec 26, 2022.
             Was a High Priest of Trog.
             Killed from afar by a molten gargoyle (31 damage)
             ... with a bolt of magma
             ... on level 11 of the Dungeon.
             The game lasted 00:21:14 (12378 turns).

xzight the Basher (Minotaur Berserker)             Turns: 12378, Time: 00:21:15

Health: -16/166    AC: 12    Str: 27    XL:     12   Next: 14%
Magic:  11/11      EV: 14    Int:  4    God:    Trog [*****.]
Gold:   515        SH:  9    Dex: 10    Spells: 11/11 levels left

rFire   . . .      SeeInvis .   b - +2 flail (vorpal)
rCold   + . .      Faith    .   C - +0 buckler
rNeg    + . .      Spirit   .   j - +2 ring mail {rC+}
rPois   .          Reflect  +   (helmet restricted)
rElec   .          Harm     .   s - +0 cloak
rCorr   .          Rampage  .   e - +0 pair of gloves
Will    +....                   (no boots)
Stlth   ..........              r - amulet of reflection
HPRegen 0.37/turn               N - ring of positive energy
MPRegen 0.12/turn               W - ring of willpower

@: berserking, very quick
A: horns 2, retaliatory headbutt
a: Renounce Religion, Berserk, Trog's Hand, Brothers in Arms


You were on level 11 of the Dungeon.
You worshipped Trog.
Trog was extremely pleased with you.
You visited 1 branch of the dungeon, and saw 11 of its levels.

You collected 603 gold pieces.
You spent 88 gold pieces at shops.


Innate Abilities, Weirdness & Mutations

You have a pair of horns on your head.
You reflexively headbutt those who attack you in melee.


   Skills:
 + Level 11.7 Fighting
 - Level 14.0 Maces & Flails
 + Level 11.5 Armour
 + Level 10.6 Dodging
 + Level 3.5 Shields


You had 11 spell levels left.
You didn't know any spells.
Your spell library was empty.

Inventory:

Hand Weapons
 b - a +2 vorpal flail (weapon)
Armour
 e - a +0 pair of gloves (worn)
 j - a +2 ring mail of cold resistance (worn)
 s - a +0 cloak (worn)
 C - a +0 buckler (worn)
Jewellery
 r - an amulet of reflection (around neck)
 I - a +6 ring of intelligence
 N - a ring of positive energy (left hand)
 W - a ring of willpower (right hand)
Wands
 a - a wand of charming (11)
 v - a wand of flame (5)
 w - a wand of quicksilver (10)
Scrolls
 d - 2 scrolls of enchant armour {unknown}
 g - 3 scrolls of fear
 h - a scroll of noise {unknown}
 i - a scroll of poison {unknown}
 l - 4 scrolls of teleportation {@r2}
 q - 5 scrolls of enchant weapon {unknown}
 x - 3 scrolls of magic mapping {unknown}
 y - a scroll of vulnerability {unknown}
 A - 2 scrolls of blinking {unknown}
 B - 5 scrolls of identify {@r1}
 D - a scroll of brand weapon {unknown}
Potions
 c - 3 potions of curing {@q1}
 f - 5 potions of lignification
 k - a potion of cancellation {unknown}
 m - 4 potions of heal wounds {@q2}
 n - 2 potions of mutation
 o - a potion of invisibility {unknown}
 p - a potion of might {unknown}
 t - a potion of flight {unknown}
 u - 3 potions of haste {@q3}
 z - 4 potions of ambrosia

Dungeon Overview and Level Annotations

Branches:
Dungeon (11/15)            Temple (0/1) D:4            Lair (0/5) D:10
    Orc: D:9-12

Altars:
Elyvilon
Fedhas
Gozag
Hepliaklqana
Nemelex Xobeh
Qazlal
Sif Muna
Trog
Uskayaw
Vehumet
Xom
Yredelemnul
Zin
The Shining One

Shops:
D:7 !   D:10 (

Annotations:
D:10 1 runed translucent door, GigaChad's ghost, novice MiFi

.. ▒...≈.≈... ...
#..≈≈≈≈≈≈.▒
....▒.≈≈≈≈≈≈≈.
..#..≈§88≈≈.▒
#.▒.§≈88≈≈..
##.§§§≈≈≈≈.▒..#
#.▒§§≈§§§≈..#.###
##9.9§.≈§..▒....#
#.▒@▒.▒.▒.▒.#...#
#)#.#.# #.#.[..#
#.##### #......# #.#
##..)...####
#####.######...........
#..............##.#####
#.##.#####.###.##.#
######### #.##.# #.#
#.##.# ........# #.##.#
#.# #.##.#


You could see 2 molten gargoyles.


Message History

The glob of lava hits the lava snake!
The lava snake partially resists.
You kill the lava snake!
Trog accepts your kill.
You see here a +0 morningstar.
You feel much better. You block the molten gargoyle's attack.
Use which ability? (? or * to list)
A red film seems to cover your vision as you go berserk!
You feel yourself moving faster!
You feel mighty!
The molten gargoyle blasts magma at you!
The bolt of magma hits you!
* * * LOW HITPOINT WARNING * * *
You bludgeon the molten gargoyle!!
You destroy the molten gargoyle!
Trog accepts your kill.
The molten gargoyle blasts magma at you!
The bolt of magma misses you.
The molten gargoyle hits you with a +0 mace!
* * * LOW HITPOINT WARNING * * *
You are engulfed in flames!
* * * LOW HITPOINT WARNING * * *
You see here a +0 flail.
You hit the molten gargoyle.
You headbutt the molten gargoyle, but do no damage.
The molten gargoyle is lightly damaged.
You completely miss the molten gargoyle.
Your headbutt misses the molten gargoyle.
The molten gargoyle is lightly damaged.
The molten gargoyle blasts magma at you!
The bolt of magma hits you!!
You die...

Skill      XL: |  1  2  3  4  5  6  7  8  9 10 11 12 |
---------------+-------------------------------------+-----
Maces & Flails | 4 5 6 7 9 11 13 14 | 14.0
Fighting       | 4 5 6 7 8 9 11 | 11.7
Armour         | 3 4 5 6 8 9 11 | 11.5
Dodging        | 3 4 5 6 7 8 10 | 10.6
Shields        | 2 3 |  3.5

Action                   |  1- 3 |  4- 6 |  7- 9 | 10-12 || total
-------------------------+-------+-------+-------+-------++-------
Melee: Mace              |    88 |    86 |   324 |       ||   498
       Headbutt          |    12 |    17 |    64 |    83 ||   176
       Punch             |       |       |     9 |     2 ||    11
       Flail             |       |       |    17 |   375 ||   392
Invok: Berserk           |       |     2 |     5 |     7 ||    14
       Trog's Hand       |       |       |     2 |       ||     2
  Use: Scroll            |       |       |     5 |     1 ||     6
       Potion            |       |       |     1 |     1 ||     2
Armor: Animal skin       |     6 |       |       |       ||     6
       Ring mail         |    24 |    42 |   100 |    61 ||   227
       Skin              |       |       |    12 |       ||    12
Dodge: Dodged            |    50 |    55 |   162 |   158 ||   425
Block: Other             |       |    18 |    80 |    48 ||   146
       Reflection        |       |       |     7 |     6 ||    13
       Buckler           |       |       |       |    28 ||    28

Levels and vault maps discovered:
D:1:      lightli_iron_boxes, layout_rooms, nicolae_ecumenical_lake_church
D:2:      layout_basic, minmay_heptomino_w4
D:3:      cheibrodos_helix_gallery, layout_basic, lemuel_tele_altar
D:4:      layout_cave_pools, led_xom_imps, minmay_temple_entry_glassed_door,
          uniq_blork_the_orc
D:5:      layout_layer_cave, grunt_temple_overflow_holy_war, zin_statuary,
          bloody_trog, uniq_grinder
D:6:      minmay_klotski, layout_rooms, marbit_many_paths, kennysheep_mini_moat,
          minmay_misc_feat_four_crosses, small_statue_intersection
D:7:      nzn_winding_woodlands_medium [nzn_winding_woodlands_5x5_default,
          nzn_winding_woodlands_5x15_split_checker,
          nzn_winding_woodlands_5x5_closed_star,
          nzn_winding_woodlands_5x5_three, nzn_winding_woodlands_center_lodge,
          nzn_winding_woodlands_5x5_open_star, nzn_winding_woodlands_hourglass,
          nzn_winding_woodlands_5x15_eye, nzn_winding_woodlands_5x5_default],
          layout_cave_pools, gammafunk_temple_overflow_claw,
          overflow_temple_1_default, serial_shops, shop
D:8:      layout_rooms, serial_ice, serial_ice_h, serial_ice_a, serial_ice_l,
          serial_ice_g, chequers_serial_rivers_large_b
D:9:      layout_long_grid, eat_drink_and_be_merry_uskayaw,
          hangedman_minor_gate_pass, uniq_maurice, uniq_joseph
D:10:     layout_loops_ring, mainiacjoe_overflow_surrounded_room,
          grunt_lair_entry_orc_guard_hut, serial_shops,
          nicolae_shop_advertising_works [nicolae_subvault_shop_adworks],
          ebering_ghost_inner_flame, chequers_serial_rivers_small_a
D:11:     layout_loops_ring, special_room [special_room_bee], minivault_8

Notes
Turn   | Place    | Note
-------+----------+-------------------------------------------
     0 | D:1      | xzight the Minotaur Berserker began the quest for the Orb.
     0 | D:1      | Reached XP level 1. HP: 19/19 MP: 0/0
   276 | D:1      | Reached XP level 2. HP: 27/27 MP: 1/1
   309 | D:1      | Reached skill level 4 in Maces & Flails
   335 | D:1      | Found a faded altar of an unknown god.
   980 | D:2      | Reached XP level 3. HP: 29/33 MP: 2/2
  1098 | D:2      | Reached ** piety under Trog
  1099 | D:2      | Reached skill level 4 in Fighting
  1109 | D:2      | Reached skill level 3 in Armour
  1383 | D:3      | Found a sparkling altar of Nemelex Xobeh.
  1496 | D:3      | Reached XP level 4. HP: 40/40 MP: 3/3
  1848 | D:3      | Reached skill level 3 in Dodging
  2137 | D:4      | Reached skill level 5 in Maces & Flails
  2325 | D:4      | Found a staircase to the Ecumenical Temple.
  2449 | D:4      | Noticed Blork the orc
  2545 | D:4      | Found a shimmering altar of Xom.
  2723 | D:4      | Reached XP level 5. HP: 47/47 MP: 4/4
  2902 | D:4      | Killed Blork the orc
  2903 | D:4      | Reached skill level 4 in Armour
  2903 | D:4      | Reached XP level 6. HP: 55/55 MP: 5/5
  2956 | D:5      | Entered Level 5 of the Dungeon
  2966 | D:5      | Reached skill level 5 in Fighting
  2966 | D:5      | Reached skill level 6 in Maces & Flails
  3138 | D:5      | Reached skill level 4 in Dodging
  3364 | D:5      | Found a bloodstained altar of Trog.
  3379 | D:5      | Found a glowing silver altar of Zin.
  3409 | D:5      | Reached XP level 7. HP: 55/61 MP: 6/6
  3452 | D:5      | Found a glowing golden altar of the Shining One.
  3508 | D:5      | Reached *** piety under Trog
  3585 | D:5      | Reached skill level 7 in Maces & Flails
  3858 | D:5      | Reached skill level 5 in Armour
  3875 | D:5      | Noticed Grinder
  4104 | D:5      | Paralysed by Grinder for 2 turns
  4130 | D:5      | Killed Grinder
  4131 | D:5      | Reached skill level 6 in Fighting
  4131 | D:5      | Reached skill level 5 in Dodging
  4131 | D:5      | Reached XP level 8. HP: 66/70 MP: 7/7
  4291 | D:5      | Reached skill level 8 in Maces & Flails
  4476 | D:5      | Found a basalt altar of Yredelemnul.
  4850 | D:5      | Noticed an angel
  5260 | D:6      | Reached skill level 6 in Armour
  5273 | D:6      | Reached skill level 9 in Maces & Flails
  5696 | D:6      | Reached skill level 7 in Fighting
  5696 | D:6      | Reached skill level 6 in Dodging
  5900 | D:6      | Reached XP level 9. HP: 54/79 MP: 8/8
  6042 | D:6      | Noticed a two-headed ogre
  6063 | D:6      | Killed a two-headed ogre
  6064 | D:6      | Reached skill level 10 in Maces & Flails
  6064 | D:6      | Reached skill level 7 in Armour
  6183 | D:6      | Found a hazy altar of Hepliaklqana.
  6307 | D:6      | Found a radiant altar of Vehumet.
  6475 | D:7      | Reached **** piety under Trog
  6675 | D:7      | Reached skill level 8 in Fighting
  6716 | D:7      | Reached skill level 11 in Maces & Flails
  6716 | D:7      | Reached skill level 7 in Dodging
  6906 | D:7      | Found a stormy altar of Qazlal.
  7066 | D:7      | Found Juwnust's Distillery.
  7228 | D:7      | Bought a potion of heal wounds for 55 gold pieces
  7228 | D:7      | Bought a potion of curing for 33 gold pieces
  7261 | D:7      | Reached skill level 8 in Armour
  7299 | D:7      | Found a shimmering blue altar of Sif Muna.
  7299 | D:7      | Found a white marble altar of Elyvilon.
  7299 | D:7      | Found a blossoming altar of Fedhas.
  7390 | D:7      | Noticed a centaur warrior
  7399 | D:7      | Killed a centaur warrior
  7400 | D:7      | Reached XP level 10. HP: 74/90 MP: 9/9
  7409 | D:7      | Noticed a gargoyle
  7413 | D:7      | Killed a gargoyle
  7518 | D:7      | Noticed a cyclops
  7518 | D:7      | Noticed a cyclops
  7536 | D:7      | Reached skill level 12 in Maces & Flails
  7542 | D:7      | Killed a cyclops
  7543 | D:7      | Reached skill level 9 in Fighting
  7544 | D:7      | Killed a cyclops
  7545 | D:7      | Reached skill level 8 in Dodging
  7680 | D:7      | Identified the +1 mace "Oneiz" {speed, rC++ Int-5}
  7923 | D:8      | Noticed a two-headed ogre
  7928 | D:8      | Killed a two-headed ogre
  7929 | D:8      | Reached skill level 9 in Armour
  8025 | D:8      | Reached skill level 13 in Maces & Flails
  8544 | D:8      | Reached XP level 11. HP: 77/99 MP: 10/10
  8977 | D:9      | Noticed Joseph
  9003 | D:9      | Killed Joseph
  9275 | D:9      | Noticed Maurice
  9279 | D:9      | Killed Maurice
  9397 | D:9      | Reached ***** piety under Trog
  9398 | D:9      | Reached skill level 10 in Fighting
  9500 | D:9      | Found a hide-covered altar of Uskayaw.
  9560 | D:9      | Reached skill level 9 in Dodging
  9964 | D:9      | Reached skill level 14 in Maces & Flails
  9964 | D:9      | Reached skill level 10 in Armour
 10151 | D:9      | HP: 2/151 [cyclops (20)]
 10615 | D:9      | Identified the +3 spear "Batowap" {freeze, +Blink rF+ rC+
                  | SInv}
 10832 | D:9      | Noticed a boulder beetle
 10848 | D:9      | Killed a boulder beetle
 11205 | D:10     | Entered Level 10 of the Dungeon
 11219 | D:10     | Found a runed translucent door.
 11220 | D:10     | Noticed an eight-headed hydra
 11220 | D:10     | Noticed GigaChad's ghost (novice MiFi)
 11258 | D:10     | Noticed a two-headed ogre
 11273 | D:10     | Killed a two-headed ogre
 11274 | D:10     | Reached skill level 11 in Fighting
 11341 | D:10     | Found an opulent altar of Gozag.
 11368 | D:10     | Reached skill level 10 in Dodging
 11414 | D:10     | Noticed a two-headed ogre
 11425 | D:10     | Killed a two-headed ogre
 11426 | D:10     | Reached skill level 11 in Armour
 11426 | D:10     | Reached skill level 1 in Shields
 11612 | D:10     | Reached skill level 2 in Shields
 11668 | D:10     | Found a staircase to the Lair.
 11729 | D:10     | Reached XP level 12. HP: 106/110 MP: 11/11
 11737 | D:10     | Received a gift from Trog
 11824 | D:10     | Found Ysiuxai's Antique Weapon Shop.
 11930 | D:10     | Identified the +9 long sword of Devotion {drain, Will+
                  | Str+4 Int+5}
 12088 | D:10     | Reached skill level 3 in Shields
 12376 | D:11     | HP: 15/166 [molten gargoyle/+0 mace (12)]
 12378 | D:11     | Killed from afar by a molten gargoyle

Vanquished Creatures
  A boulder beetle (D:9)
  A centaur warrior (D:7)
  4 two-headed ogres
  3 cyclopes
  Joseph (D:9)
  Maurice (D:9)
  3 gargoyles
  2 molten gargoyles (D:11)
  A troll (D:10)
  2 hornets
  Grinder (D:5)
  A slime creature (D:9)
  A shadow (D:10)
  2 wyverns
  An unseen horror simulacrum (D:8)
  22 yaks
  2 steam dragons
  2 acid dragons (D:9)
  A water moccasin (D:7)
  4 sky beasts
  5 orc warriors
  5 black bears
  2 ice beasts
  4 centaurs
  4 phantoms
  A kobold brigand (D:7)
  5 bullfrogs
  Blork the orc (D:4)
  3 necrophages
  2 scorpions
  3 wights (D:9)
  9 killer bees
  An electric eel (D:8)
  3 howler monkeys
  A lava snake (D:11)
  2 crimson imps (D:4)
  2 jellies
  4 hounds
  10 orc priests
  3 gnoll boudas
  5 iguanas
  11 orc wizards
  A centaur simulacrum (D:8)
  2 killer bee simulacra (D:8)
  4 adders
  10 gnolls
  2 white imps (D:8)
  11 ufetubi
  3 worms
  A dart slug (D:3)
  43 orcs
  5 endoplasms
  2 giant cockroaches
  7 goblins
  4 hobgoblins
  A jackal (D:2)
  11 kobolds
  3 quokkas
  8 ball pythons
  3 bats (D:2)
  7 frilled lizards
  6 rats
276 creatures vanquished.

Vanquished Creatures (others)
  4 bushes (D:6)
  9 fungi (D:10)
  8 plants (D:10)
21 creatures vanquished.

Grand Total: 297 creatures vanquished

Table legend: (Time is in decaauts)
 A = Elapsed time spent in this place.
 B = Non-inter-level travel time spent in this place.
 C = Inter-level travel time spent in this place.
 D = Time resting spent in this place.
 E = Time spent auto-exploring this place.
 F = Levels seen in this place.
 G = Mean time per level.
                   A        B        C        D        E       F      G
               +--------+--------+--------+--------+--------+-----+--------+
         Total |  12484 |  12070 |    414 |   2509 |   7237 |  11 | 1134.9 |
       Dungeon |  12484 |  12070 |    414 |   2509 |   7237 |  11 | 1134.9 |
               +--------+--------+--------+--------+--------+-----+--------+

Top non-repeatable levels by time:
     D:5: 2589 daAuts
     D:9: 1927 daAuts
     D:7: 1802 daAuts
     D:8: 1170 daAuts
    D:10: 953 daAuts
     D:3: 835 daAuts
     D:6: 827 daAuts
     D:4: 797 daAuts
     D:1: 695 daAuts
     D:2: 690 daAuts
    D:11: 195 daAuts

Table legend:
 A = Non-vault XP
 B = Vault XP
 C = Vault XP percentage of total XP
 D = Non-vault monster count
 E = Vault monster count
 F = Vault count percentage of total count
                 A         B        C        D         E       F
            +---------+---------+-------+---------+---------+-------
      Total |   13452 |   10768 |  44.5 |     215 |      61 |  22.1
            +---------+---------+-------+---------+---------+-------
        D:1 |      19 |       0 |   0.0 |      12 |       0 |   0.0
        D:2 |      27 |      35 |  56.5 |      18 |       8 |  30.8
        D:3 |      41 |      14 |  25.5 |      16 |       2 |  11.1
        D:4 |      58 |     186 |  76.2 |       6 |       3 |  33.3
        D:5 |    1264 |     281 |  18.2 |      34 |       1 |   2.9
        D:6 |    1173 |     827 |  41.3 |      27 |       1 |   3.6
        D:7 |     798 |    3487 |  81.4 |      25 |      17 |  40.5
        D:8 |    2326 |     501 |  17.7 |      18 |      11 |  37.9
        D:9 |    2322 |    3983 |  63.2 |      36 |      12 |  25.0
       D:10 |    4939 |     599 |  10.8 |      21 |       4 |  16.0
       D:11 |     485 |     855 |  63.8 |       2 |       2 |  50.0
            +---------+---------+-------+---------+---------+-------
